 Dungeon Crawl Stone Soup version 0.22.1-1-ga44c0e5 (webtiles) character file.

68 Harpaggios the Chopper (level 4, -3/36 HPs)
             Began as a Barachi Fighter on Oct 23, 2018.
             Slain by a gnoll (7 damage)
             ... on level 2 of the Dungeon.
             The game lasted 00:05:11 (1513 turns).

Harpaggios the Chopper (Barachi Fighter)            Turns: 1513, Time: 00:05:11

Health: -3/36      AC:  6    Str: 18    XL:     4   Next: 19%
Magic:  4/4        EV:  7    Int:  8    God:
Gold:   51         SH:  9    Dex: 12    Spells: 3/3 levels left

rFire    . . .     SeeInvis .   a - +0 war axe
rCold    . . .     Gourm    .   c - +0 shield
rNeg     . . .     Faith    .   b - +0 scale mail
rPois    .         Spirit   .   (no helmet)
rElec    .         Reflect  .   (no cloak)
rCorr    .         Harm     .   (no gloves)
MR       .....                  (no boots)
Stlth    ..........             (no amulet)
HPRegen  0.12/turn              (no ring)
MPRegen  0.09/turn              (no ring)

@: can't hop, slow
A: +LOS, swims, slowness 1, strong legs 1
a: Hop


You were on level 2 of the Dungeon.
You were not hungry.

You visited 1 branch of the dungeon, and saw 2 of its levels.

You collected 51 gold pieces.

Inventory:

Hand Weapons
 a - a +0 war axe (weapon)
Armour
 b - a +0 scale mail (worn)
 c - a +0 shield (worn)
Jewellery
 l - an uncursed ring of ice {unknown}
Scrolls
 h - 3 scrolls of identify {unknown}
 j - 2 scrolls of remove curse {unknown}
 k - a scroll of noise {unknown}
 n - a scroll of fog {unknown}
Potions
 d - 2 potions of might
 e - a potion of lignification {unknown}
 i - a potion of invisibility {unknown}
 m - a potion of cancellation {unknown}
 o - a potion of ambrosia
Comestibles
 f - 5 rations
 g - a chunk of flesh


   Skills:
 - Level 3.6 Fighting
 + Level 4.8 Axes
 - Level 3.6 Armour
 - Level 3.2 Shields


You had 3 spell levels left.
You didn't know any spells.
Your spell library was empty.

Dungeon Overview and Level Annotations

Branches:
Dungeon (2/15)

Altars:


Innate Abilities, Weirdness & Mutations

Shadows flee at your approach. (+LOS)
You can swim through water.
You cover ground slowly.
You can hop short distances.


Message History

The gnoll hits you. You block the gnoll's attack.
The gnoll hits you but does no damage.
You hit the gnoll.
The gnoll is severely wounded.
The gnoll barely misses you. You block the gnoll's attack.
The gnoll hits you but does no damage. The gnoll barely misses you.
You block the gnoll's attack.
You closely miss the gnoll.
The gnoll is severely wounded.
You block the gnoll's attack. The gnoll hits you!
* * * LOW HITPOINT WARNING * * *
The gnoll hits you from afar with a spear.
* * * LOW HITPOINT WARNING * * *
You block the gnoll's attack.
Your shield and scale mail prevent you from hitting the gnoll.
The gnoll is severely wounded.
The gnoll hits you from afar with a spear.
* * * LOW HITPOINT WARNING * * *
The gnoll hits you!
You die...

.####.######.......#.#...[.....
.# #.# #..[#####.#.#######.. .#
#.# #.........#))........ .#
#.# #.........#.#######.. . #.#
####.###.##.# #..
#####.#......# ###
#.....#....#.# #..........#...
#.....@#####..... #.....g#
#..... #.....g## #.## #
#.....g.# #.# #.....#.# #.#
#.....#†## #######..##
..........# ..........#


You could see 3 gnolls.

Vanquished Creatures
  A gnoll (D:2)
  An ooze (D:1)
  A worm (D:2)
  3 dart slugs (D:1)
  3 leopard geckos
  2 ball pythons (D:2)
  A giant cockroach (D:1)
  7 goblins
  6 hobgoblins
  4 jackals (D:2)
  4 bats
  A frilled lizard (D:2)
  A kobold (D:1)
  3 rats (D:1)
38 creatures vanquished.

Notes
Turn   | Place    | Note
-------+----------+-------------------------------------------
     0 | D:1      | Harpaggios the Barachi Fighter began the quest for the Orb.
     0 | D:1      | Reached XP level 1. HP: 18/18 MP: 1/1
   194 | D:1      | Reached skill level 3 in Axes
   194 | D:1      | Reached XP level 2. HP: 16/24 MP: 2/2
   641 | D:1      | Reached XP level 3. HP: 28/29 MP: 3/3
   790 | D:1      | Reached skill level 4 in Axes
  1216 | D:2      | Reached XP level 4. HP: 18/36 MP: 4/4
  1513 | D:2      | Slain by a gnoll

Skill      XL: |  1  2  3 |
---------------+----------+-----
Axes           | 3 4 |  4.8
Fighting       | |  3.6
Armour         | |  3.6
Shields        | |  3.2

Action                   |  1- 3 |  4- 6 || total
-------------------------+-------+-------++-------
Melee: War axe           |    99 |    38 ||   137
 Abil: Hop               |     1 |     1 ||     2
  Use: Potion            |       |     1 ||     1
  Eat: Chunk             |     2 |     1 ||     3
Armor: Scale mail        |    30 |    27 ||    57
Dodge: Dodged            |    38 |    19 ||    57
Block: Shield            |    51 |    23 ||    74
